Map: Lerilak Crest

Players

Dog - Winner!

  • Race: Terran Terran
  • League: Diamond

Savant

  • Race: Zerg Zerg
  • League: Diamond

VOD

Have the link to the VOD?

Description

Time

  • Played on: Dec. 7, 2015, 10:08 p.m.
  • Length: 9:52
Show
View Real Time Build Order
Export as new Build Order

Dog Terran - Winner!

Build Orders: Command Center First (CC), MMM Bio 

Get SALT Encoding   

  12  0:02  SCV  
  13  0:14  SCV  
  14  0:18  Supply Depot  
  14  0:26  SCV  
  15  0:40  SCV  
  16  0:52  SCV  
  17  1:06  Command Center  
  18  1:17  Barracks  
  17  1:21  SCV  
  18  1:33  SCV  
  18  1:34  Barracks  
  18  1:39  Supply Depot  
  19  1:45  SCV  
  20  1:57  Barracks  
  20  1:59  SCV  
  21  2:06  Marine  
  22  2:11  Orbital Command  
  22  2:17  Refinery  
  22  2:25  Marine  
  22  2:27  Marine  
  24  2:32  Orbital Command  
  24  2:43  Marine  
  25  2:46  Barracks  
  25  2:47  Marine  
  25  2:51  Marine  
  27  3:00  SCV  
  27  3:01  SCV  
  27  3:02  Marine  
  27  3:05  Barracks Tech Lab  
  30  3:08  Barracks  
  30  3:11  Marine  
  31  3:16  SCV x2  
  33  3:20  Marine  
  33  3:25  Marine  
  35  3:28  SCV, Marine  
  35  3:29  SCV  
  38  3:35  Stimpack, Marine  
  38  3:38  Marine  
  38  3:41  Supply Depot  
  40  3:43  SCV, Marine  
  40  3:45  SCV  
  43  3:48  Marine  
  43  3:53  Marine  
  45  3:56  Barracks  
  45  3:59  Barracks Reactor  
  45  4:01  SCV  
  45  4:02  SCV  
  47  4:03  Marine  
  47  4:09  Supply Depot  
  48  4:12  Marine  
  48  4:13  SCV, Marine  
  48  4:15  SCV  
  52  4:20  Barracks  
  52  4:21  Marauder  
  54  4:30  Marine  
  55  4:32  Supply Depot  
  55  4:34  Marine x2  
  55  4:35  Supply Depot  
  55  4:37  Marine  
  58  4:39  Marine  
  58  4:41  SCV  
  60  4:46  Barracks, Marine  
  60  4:49  Marine  
  62  4:53  Marine  
  62  4:54  SCV, Marauder  
  62  4:58  Supply Depot  
  66  5:00  Supply Depot  
  66  5:02  Marine x2  
  68  5:08  SCV  
  68  5:09  Engineering Bay  
  68  5:11  Marine  
  68  5:12  Marine  
  71  5:16  Marauder  
  73  5:22  Marine  
  73  5:23  Marine  
  73  5:28  Supply Depot, Marine  
  75  5:29  Marine  
  75  5:33  SCV x2  
  75  5:35  Combat Shields, Marine  
  80  5:39  Terran Infantry Weapons Level 1  
  80  5:41  Marine x2  
  80  5:42  Marine  
  83  5:44  Marine  
  83  5:45  SCV  
  85  5:50  Supply Depot  
  85  5:52  Supply Depot  
  84  6:03  Marine x4  
  87  6:04  Marine x3  
  87  6:05  Marine  
  87  6:10  Marine  
  91  6:12  SCV  
  91  6:15  SCV  
  93  6:19  Supply Depot x2  
  93  6:20  Marine  
  93  6:21  Marine x2  
  93  6:22  Marine  
  93  6:23  Supply Depot  
  93  6:24  Marine  
  98  6:29  Marine, Marauder  
  98  6:30  Marine x2  
  104  6:38  Marine x2  
  105  6:42  Marine x2  
  105  6:43  Supply Depot  
  105  6:44  Marine  
  105  6:46  SCV  
  109  6:47  Supply Depot  
  109  6:48  Marine x2  
  109  6:49  Marine  
  109  6:52  Marauder  
  114  6:57  Marine  
  115  7:07  Marine x3  
  115  7:08  Marine  
  118  7:11  Marine x3  
  118  7:13  SCV, Marine  
  123  7:16  Supply Depot  
  123  7:18  Supply Depot, Marine  
  123  7:19  SCV  
  125  7:24  Supply Depot  
  125  7:25  Marine x3  
  125  7:28  Marine  
  125  7:29  Marine x2  
  131  7:33  Marine  
  131  7:34  Terran Infantry Armor Level 1  
  131  7:36  Marine  
  133  7:37  Barracks Reactor  
  133  7:43  Supply Depot x2, Marine x3  
  136  7:46  Marine  
  136  7:47  Marine  
  136  7:51  Barracks, Marauder  
  140  7:53  Marine  
  140  7:54  SCV, Marine  
  143  8:01  Marine x3  
  143  8:04  Marine  
  147  8:08  Marine  
  147  8:10  Marine  
  147  8:11  Marine  
  150  8:20  Marine x3  
  150  8:21  Marine x4  
  150  8:26  Marine  
  157  8:28  Marine  
  157  8:29  Marine  
  159  8:37  Marine  
  159  8:38  Marine x5  
  159  8:39  Marine  
  159  8:40  Marine  
  147  8:44  Marine  
  147  8:46  Marine  
  147  8:47  Marine  
  130  8:55  Marine  
  99  8:56  Marine x4  
  99  9:00  Marine  
  99  9:01  Marine x3  
  107  9:05  Marine x2  
  106  9:23  Marine x4  
Show
View Real Time Build Order
Export as new Build Order

Savant Zerg 

Build Orders: Hatch First 

Get SALT Encoding   

  12  0:01  Drone  
  13  0:08  Drone  
  14  0:18  Overlord  
  14  0:31  Drone x2, Extractor x2  
  16  0:37  Drone  
  17  0:58  Hatchery  
  17  1:00  Drone  
  17  1:04  Extractor  
  17  1:05  Drone  
  17  1:23  Drone  
  17  1:24  Drone  
  19  1:43  Drone x2, Spawning Pool  
  20  2:08  Hatchery  
  20  2:11  Drone  
  20  2:13  Drone x2  
  22  2:17  Extractor  
  21  2:27  Drone x2  
  21  2:29  Drone  
  24  2:30  Metabolic Boost  
  24  2:36  Drone  
  25  2:38  Drone  
  25  2:44  Drone  
  27  2:51  Evolution Chamber, Drone  
  27  2:53  Evolution Chamber  
  27  2:56  Zergling x2  
  27  2:58  Zergling x2  
  28  3:06  Overlord  
  28  3:20  Queen  
  28  3:21  Zerg Melee Weapons Level 1  
  28  3:25  Zerg Ground Armor Level 1  
  30  3:32  Queen  
  32  3:35  Drone  
  32  3:38  Drone  
  32  3:40  Drone  
  35  3:46  Drone x2  
  37  3:48  Drone  
  37  3:50  Zergling x2  
  39  4:08  Zergling x2  
  39  4:09  Zergling x4  
  42  4:11  Overlord x3  
  42  4:16  Lair  
  42  4:22  Overlord  
  42  4:25  Overlord  
  41  4:35  Burrow  
  41  4:41  Drone  
  41  4:42  Drone x3  
  41  4:44  Zergling x6  
  48  4:46  Zergling x2  
  48  4:47  Zergling x2  
  48  4:49  Zergling x2  
  48  4:51  Zergling x2  
  52  4:53  Zergling x2  
  52  4:55  Zergling x2  
  52  4:59  Overlord  
  54  5:10  Zergling x2  
  55  5:18  Zergling x2  
  55  5:19  Zergling x4  
  55  5:20  Zergling x4  
  62  5:21  Zergling x4  
  62  5:27  Baneling Nest, Zerg Melee Weapons Level 2  
  61  5:33  Zerg Ground Armor Level 2  
  61  5:37  Infestation Pit  
  61  5:40  Drone x2  
  61  5:41  Drone x2  
  64  5:45  Drone  
  64  5:46  Drone  
  57  6:15  Zergling x8  
  57  6:16  Hive, Zergling x4  
  57  6:18  Zergling x6  
  66  6:19  Zergling x4  
  66  6:20  Zergling x8  
  72  6:26  Centrifical Hooks  
  72  6:31  Extractor x2  
  70  6:36  Drone  
  70  6:38  Zergling x4  
  70  6:39  Zergling x4  
  75  6:43  Overlord  
  75  6:53  Drone  
  58  7:10  Zergling x2  
  58  7:11  Zergling x4  
  58  7:12  Zergling x4  
  58  7:14  Zergling x2  
  58  7:15  Zergling x4  
  66  7:19  Zergling x6  
  66  7:21  Zergling x2  
  70  7:30  Baneling x5  
  70  7:31  Baneling x7  
  70  7:32  Baneling x3  
  70  7:39  Hatchery  
  69  7:47  Adrenal Glands  
  69  7:54  Drone x3  
  69  7:55  Drone x2  
  69  7:57  Extractor  
  73  8:00  Extractor  
  66  8:52  Zergling x8  
  66  8:53  Zergling x10  
  66  8:54  Zergling x4  
  66  8:55  Zergling x12  
  63  8:56  Baneling  
  63  9:05  Zergling x2  
  52  9:17  Drone x13  
  52  9:18  Zergling x2  
Tags
 
Add a new tag
Caveats
  • Supply blocks, unpowered buildings, or Contaminate may cause inaccurate times.
  • Supply counts are checked every 10 seconds.